 Dungeon Crawl Stone Soup version 0.23.2-1-ga50397a6bc (webtiles) character file.

Game seed: 12088262961673016391

766093 Peloso the Minotaur Barricade (level 27, -3/245 HPs)
             Began as a Minotaur Fighter on Apr 27, 2019.
             Was the Champion of Okawaru.
             Killed from afar by a pearl dragon (27 damage)
             ... with a blast of cleansing flame
             ... in Pandemonium on Apr 29, 2019.
             The game lasted 06:47:06 (106475 turns).

Peloso the Minotaur Barricade (Minotaur Fighter)  Turns: 106475, Time: 06:47:07

Health: -3/245     AC: 36    Str: 34    XL:     27
Magic:  24/25      EV: 31    Int:  8    God:    Okawaru [******]
Gold:   5813       SH: 47    Dex: 19    Spells: 26/26 levels left

rFire    + + .     SeeInvis .   a - +10 long sword of Okawaru's Castigation {slice, rPois MR+ Int+3}
rCold    + + .     Gourm    .   J - +10 large shield of Ignorance {rN+ Int-4}
rNeg     + + .     Faith    .   Q - +9 chain mail of Liheatuf {Str+2 Int+2}
rPois    +         Spirit   .   v - -2 hat of the Alchemist {rElec rPois rF+ rC+ rN+ MR+ rMut rCorr}
rElec    +         Reflect  +   I - scarf {rC+ rF+}
rCorr    +         Harm     .   o - +0 pair of gloves {Dex+3}
rMut     +         Rnd*Rage +   R - +2 pair of boots {run}
MR       ++++.                  H - brooch of Shielding {Reflect SH+8}
Stlth    ++........             x - +4 ring of strength
HPRegen  0.50/turn              S - +5 ring of protection
MPRegen  0.19/turn

@: heroism, berserk cooldown, slowed, very slow
A: retaliatory headbutt, horns 2, berserk 1, clever 1, frail 1, low mp 1
}: 4/15 runes: decaying, serpentine, slimy, silver
a: Heroism, Finesse, Renounce Religion


You were in Pandemonium.
You worshipped Okawaru.
Okawaru was exalted by your worship.
You were very hungry.

You visited 13 branches of the dungeon, and saw 58 of its levels.
You visited Pandemonium 1 time, and saw 2 of its levels.
You visited the Abyss 4 times.
You visited 1 bazaar.
You also visited: Bailey, Ice Cave, Volcano, Wizlab and Desolation.

You collected 9340 gold pieces.
You spent 3527 gold pieces at shops.

Inventory:

Hand Weapons
 a - the +10 long sword of Okawaru's Castigation (weapon) {slice, rPois MR+ Int+3}
   (Okawaru gifted it to you on level 3 of the Depths)

   It inflicts extra damage upon your enemies.
   It affects your intelligence (+3).
   It protects you from poison.
   It affects your resistance to hostile enchantments.
 b - a +0 double sword of slicing
 e - the +7 dagger of the Coward {vamp, *Slow MP-9 Dex+9 SInv, unknown}
   (You found it on level 5 of the Vaults)

   It inflicts no extra harm, but heals its wielder when it wounds a living foe.
   It affects your dexterity (+9).
   It affects your magic capacity (-9).
   It lets you see invisible.
   It may slow you when you take damage.
 w - the +9 falchion of the Magi {pain, rC++ Dex-2 SInv}
   (You found it on level 8 of the Dungeon)

   In the hands of one skilled in necromantic magic, it inflicts extra damage on
   living creatures.
   It affects your dexterity (-2).
   It greatly protects you from cold.
   It lets you see invisible.
 K - a +4 eudemon blade of holy wrath
Armour
 o - a +0 pair of gloves of dexterity (worn)
 v - the -2 hat of the Alchemist (worn) {rElec rPois rF+ rC+ rN+ MR+ rMut rCorr}
   (Okawaru gifted it to you on level 5 of the Vaults)

   It protects you from fire.
   It protects you from cold.
   It insulates you from electricity.
   It protects you from poison.
   It protects you from negative energy.
   It affects your resistance to hostile enchantments.
   It provides partial protection from all sources of acid and corrosion.
   It protects you from mutation.
 z - a +2 pair of boots of stealth
 B - a scarf of spirit shield
 G - a +2 pair of boots of flying
 I - a scarf of resistance (worn)
 J - the +10 large shield of Ignorance (worn) {rN+ Int-4}
   (You bought it in a shop in a bazaar)

   It affects your intelligence (-4).
   It protects you from negative energy.
 P - a +0 large shield of protection
 Q - the +9 chain mail of Liheatuf (worn) {Str+2 Int+2}
   (Okawaru gifted it to you in the Desolation of Salt)

   It affects your strength (+2).
   It affects your intelligence (+2).
 R - a +2 pair of boots of running (worn)
Jewellery
 p - the ring "Tempy" {+Fly rElec rC- EV+2 Slay+5}
   (You took it off a vault warden on level 5 of the Vaults)

   [ring of evasion]

   It affects your evasion (+2).
   It affects your accuracy and damage with ranged weapons and melee attacks
   (+5).
   It makes you vulnerable to cold.
   It insulates you from electricity.
   It lets you fly.
 r - the amulet "Amuizuin" {Reflect +Inv MR++ Str+5 SH+2}
   (You found it on level 5 of the Vaults)

   [amulet of reflection]

   It shields you and reflects attacks.
   It affects your strength (+5).
   It affects your resistance to hostile enchantments.
   It lets you turn invisible.
   It affects your SH (+2).
 x - a +4 ring of strength (left hand)
 C - an uncursed ring of wizardry
 H - the brooch of Shielding (around neck) {Reflect SH+8}
   (You found it on level 7 of the Dungeon)

   [amulet of reflection]

   It shields you and reflects attacks.
   It affects your SH (+8).
 S - a +5 ring of protection (right hand)
Wands
 A - a wand of flame (17)
 D - a wand of acid (12)
 E - a wand of iceblast (11)
 U - a wand of digging (2)
Scrolls
 g - 18 scrolls of teleportation
 h - 30 scrolls of remove curse
 j - 5 scrolls of magic mapping
 t - 2 scrolls of silence
 u - 4 scrolls of blinking
 y - a scroll of enchant weapon
 F - a scroll of fog
 O - 19 scrolls of identify
 X - 5 scrolls of fear
Potions
 d - 9 potions of might
 i - 2 potions of heal wounds
 k - 3 potions of invisibility
 l - 14 potions of curing
 m - 12 potions of haste
 n - 9 potions of agility
 q - 4 potions of berserk rage
 L - 3 potions of cancellation
 M - 4 potions of flight
 N - 3 potions of mutation
 W - 6 potions of resistance
Miscellaneous
 c - the horn of Geryon
 s - a lightning rod (4/4)
Comestibles
 f - 69 rations


   Skills:
 O Level 27 Fighting
 O Level 27 Long Blades
   Level 1.6(7.6) Axes
   Level 3.2(8.4) Polearms
 + Level 26.8(27) Armour
 + Level 24.6(27) Dodging
 + Level 5.6(10.6) Stealth
 O Level 27 Shields
 + Level 7.9 Invocations
 + Level 2.2 Evocations


You had 26 spell levels left.
You didn't know any spells.
Your spell library contained the following spells:

 Spells                   Type           Power        Failure   Level  Hunger
 Animate Skeleton         Necr           N/A          63%         1    ##.....
 Apportation              Tloc           #.....       63%         1    ##.....
 Beastly Appendage        Tmut           #.....       63%         1    ##.....
 Confusing Touch          Hex            #.....       63%         1    ##.....
 Corona                   Hex            #......      63%         1    ##.....
 Flame Tongue             Conj/Fire      #....        63%         1    ##.....
 Freeze                   Ice            #...         63%         1    ##.....
 Infusion                 Chrm           #...         63%         1    ##.....
 Magic Dart               Conj           #...         63%         1    ##.....
 Pain                     Necr           #...         63%         1    ##.....
 Shock                    Conj/Air       #...         63%         1    ##.....
 Summon Small Mammal      Summ           #...         63%         1    ##.....
 Blink                    Tloc           N/A          77%         2    ###....
 Call Imp                 Summ           #.......     77%         2    ###....
 Ensorcelled Hibernation  Hex/Ice        #.....       77%         2    ###....
 Passwall                 Tmut/Erth      #.......     77%         2    ###....
 Poisonous Vapours        Pois/Air       #.....       77%         2    ###....
 Searing Ray              Conj           #.....       77%         2    ###....
 Shroud of Golubria       Chrm/Tloc      #.........   77%         2    ###....
 Slow                     Hex            #.......     77%         2    ###....
 Song of Slaying          Chrm           #.......     77%         2    ###....
 Sticks to Snakes         Tmut           #.......     77%         2    ###....
 Swiftness                Chrm/Air       #.......     77%         2    ###....
 Throw Frost              Conj/Ice       #.....       77%         2    ###....
 Confuse                  Hex            #.......     94%         3    ####...
 Conjure Flame            Conj/Fire      #.......     94%         3    ####...
 Dazzling Spray           Conj/Hex       #.....       94%         3    ####...
 Gell's Gravitas          Tloc           #.........   94%         3    ####...
 Ignite Poison            Fire/Tmut/Pois #.......     94%         3    ####...
 Inner Flame              Hex/Fire       #.......     94%         3    ####...
 Mephitic Cloud           Conj/Pois/Air  #.......     94%         3    ####...
 Ozocubu's Armour         Chrm/Ice       #.......     94%         3    ####...
 Portal Projectile        Hex/Tloc       #.....       94%         3    ####...
 Recall                   Summ/Tloc      N/A          94%         3    ####...
 Regeneration             Chrm/Necr      #.........   94%         3    ####...
 Spectral Weapon          Hex/Chrm       #.......     94%         3    ####...
 Spider Form              Tmut/Pois      #.........   94%         3    ####...
 Static Discharge         Conj/Air       #.......     94%         3    ####...
 Summon Guardian Golem    Hex/Summ       #.......     94%         3    ####...
 Tukima's Dance           Hex            #.......     94%         3    ####...
 Vampiric Draining        Necr           #.........   94%         3    ####...
 Airstrike                Air            #.........   100%        4    #####..
 Animate Dead             Necr           N/A          100%        4    #####..
 Cause Fear               Hex            #.........   100%        4    #####..
 Force Lance              Conj/Tloc      #.......     100%        4    #####..
 Fulminant Prism          Conj/Hex       #.........   100%        4    #####..
 Ice Form                 Ice/Tmut       #.......     100%        4    #####..
 Iskenderun's Mystic Bla  Conj           #.......     100%        4    #####..
 Leda's Liquefaction      Hex/Erth       #.........   100%        4    #####..
 Passage of Golubria      Tloc           N/A          100%        4    #####..
 Petrify                  Tmut/Erth      #.......     100%        4    #####..
 Summon Ice Beast         Ice/Summ       #.......     100%        4    #####..
 Summon Lightning Spire   Summ/Air       #.......     100%        4    #####..
 Throw Icicle             Conj/Ice       #.......     100%        4    #####..
 Aura of Abjuration       Summ           #.........   100%        5    ######.
 Blade Hands              Tmut           #.........   100%        5    ######.
 Bolt of Magma            Conj/Fire/Erth #.........   100%        5    ######.
 Borgnjor's Vile Clutch   Necr/Erth      #.........   100%        5    ######.
 Excruciating Wounds      Chrm/Necr      #.........   100%        5    ######.
 Fireball                 Conj/Fire      #.........   100%        5    ######.
 Irradiate                Conj/Tmut      #.........   100%        5    ######.
 Iskenderun's Battlesphe  Conj/Chrm      #.......     100%        5    ######.
 Lee's Rapid Deconstruct  Erth           #.........   100%        5    ######.
 Lightning Bolt           Conj/Air       #.........   100%        5    ######.
 Metabolic Englaciation   Hex/Ice        #.........   100%        5    ######.
 Silence                  Hex/Air        #.........   100%        5    ######.
 Summon Demon             Summ           #.........   100%        5    ######.
 Summon Forest            Summ/Tloc      #.........   100%        5    ######.
 Summon Mana Viper        Hex/Summ       #.......     100%        5    ######.
 Venom Bolt               Conj/Pois      #.........   100%        5    ######.
 Yara's Violent Unravell  Hex/Tmut       #.........   100%        5    ######.
 Bolt of Cold             Conj/Ice       #.........   100%        6    #######
 Bolt of Fire             Conj/Fire      #.........   100%        6    #######
 Conjure Ball Lightning   Conj/Air       #.........   100%        6    #######
 Darkness                 Hex            #.........   100%        6    #######
 Death Channel            Necr           #.........   100%        6    #######
 Deflect Missiles         Chrm/Air       #.........   100%        6    #######
 Dispersal                Tloc           #.........   100%        6    #######
 Freezing Cloud           Conj/Ice/Air   #.........   100%        6    #######
 Invisibility             Hex            #.......     100%        6    #######
 Iron Shot                Conj/Erth      #.........   100%        6    #######
 Ozocubu's Refrigeration  Ice            #.........   100%        6    #######
 Poison Arrow             Conj/Pois      #.........   100%        6    #######
 Shadow Creatures         Summ           N/A          100%        6    #######
 Simulacrum               Ice/Necr       #.........   100%        6    #######
 Dragon Form              Tmut           #.........   100%        7    #######
 Orb of Destruction       Conj           #.........   100%        7    #######
 Ring of Flames           Chrm/Fire      #.........   100%        7    #######
 Spellforged Servitor     Conj/Summ      #.........   100%        7    #######
 Chain Lightning          Conj/Air       #.........   100%        8    #######
 Controlled Blink         Tloc           N/A          100%        8    #######
 Discord                  Hex            #.........   100%        8    #######
 Disjunction              Tloc           #.........   100%        8    #######
 Ignition                 Fire           #.........   100%        8    #######
 Lehudib's Crystal Spear  Conj/Erth      #.........   100%        8    #######
 Dragon's Call            Summ           #.........   100%        9    #######
 Fire Storm               Conj/Fire      #.........   100%        9    #######
 Glaciate                 Conj/Ice       #.........   100%        9    #######


Dungeon Overview and Level Annotations

Branches:
Dungeon (15/15)            Temple (1/1) D:6            Lair (6/6) D:11
  Swamp (4/4) Lair:2        Snake (4/4) Lair:3        Slime (5/5) Lair:5
    Orc (2/2) D:12            Elf (3/3) Orc:2        Vaults (5/5) D:13
  Crypt (3/3) Vaults:2       Tomb (0/3) Crypt:3      Depths (5/5) D:15
   Hell (1/1)                 Dis (0/7) Hell            Geh (0/7) Hell
    Coc (0/7) Hell            Tar (0/7) Hell            Zot (4/5) Depths:5

Altars:
Ashenzari
Fedhas
Gozag
Kikubaaqudgha
Nemelex Xobeh
Okawaru
Qazlal
Ru
Xom
Zin
The Shining One
Beogh

Shops:
D:13 (   D:14 !   Orc:2 %%?[%   Vaults:1 [   Depths:2 }==   Depths:3 :
Depths:5 :%

Portals:
Hell: Depths:1 Depths:2 Depths:3 Depths:4 Depths:5
Abyss: Depths:1 Depths:2 Depths:3 Depths:4
Pandemonium: Depths:3 Depths:5
Ziggurat: Depths:1

Annotations:
D:10 3 runed translucent doors, Xerberus86's ghost, novice DsGl


Innate Abilities, Weirdness & Mutations

You reflexively headbutt those who attack you in melee.
You have a pair of horns on your head.
You tend to lose your temper in combat.
Your mind is acute. (Int +2)
You are frail. (-10% HP)
Your magical capacity is low. (-10% MP)


Message History

Unknown command.
You slash the pearl dragon!
The pearl dragon is moderately wounded.
You are engulfed in blessed fire.
* * * LOW HITPOINT WARNING * * *
The pearl dragon breathes cleansing flame at you.
The blast of cleansing flame misses you.
Unknown command.
You slash the pearl dragon! You headbutt the pearl dragon!!
The pearl dragon is heavily wounded.
You are engulfed in blessed fire.
* * * LOW HITPOINT WARNING * * *
You block the pearl dragon's attack. x2
An apis comes into view.
Unknown command.
You hit the pearl dragon.
The pearl dragon is heavily wounded.
The pearl dragon breathes cleansing flame at you.
The blast of cleansing flame engulfs you!!
You die...

##### #...#
#@..#
###D###
#..YY.#
#.Y...#
.......'.!#
###.§...#.)#
#.....####
###'### ..


You could see 2 apis and a pearl dragon.

Vanquished Creatures
  the Royal Jelly (Slime:5)
  A seraph (Pan)
  3 ancient liches
  2 juggernauts (Depths:2)
  A pandemonium lord (Pan)
  Boris (7 times) (Vaults:4 Vaults:5 Depths:2 Crypt:1 Crypt:2 Crypt:3 Depths:5)
  The ghost of Ulecsuczon the Impregnable, a veteran MiGl of Hepliaklqana (Crypt:1)
  Sojobo (Depths:2)
  Frederick (Crypt:1)
  Xtahua (Depths:4)
  Bai Suzhen (Swamp:3)
  Geryon (Hell)
  3 curse toes
  Margery (Depths:4)
  14 golden dragons
  6 bone dragons
  2 profane servitors (Abyss:1)
  A Cloud Mage (WizLab)
  A hellephant (Abyss:3)
  13 tentacled monstrosities
  9 liches
  Rupert (Orc:2)
  6 titans
  A Hell Sentinel (Pan)
  8 quicksilver dragons
  4 deep elf blademasters
  7 death cobs
  24 acid blobs
  7 tentacled starspawn
  2 ancient champions
  13 storm dragons
  Agnes (Snake:1)
  3 sphinxes
  2 Executioners
  The ghost of Vibac the Crack Shot, an adept CeHu of Okawaru (Snake:1)
  5 draconian monks
  9 tengu reavers
  2 revenants
  12 shadow dragons
  10 fire giants
  Kirke (D:14)
  The ghost of Morbidden the Severer, an adept DsFi of Okawaru (Snake:2)
  3 nagarajas
  Roxanne (Elf:1)
  Donald (Snake:1)
  5 ghost moths
  8 azure jellies
  10 daevas (Pan)
  5 draconian knights
  2 imperial myrmidons (Desolation)
  3 iron dragons
  22 vault wardens
  9 frost giants
  5 balrugs
  6 draconian scorchers
  Louise (D:14)
  A ghost moth (shapeshifter) (Vaults:3)
  4 draconian stormcallers
  10 deep elf sorcerers
  3 curse skulls
  A black sun (Pan)
  5 spriggan defenders
  7 angels (Pan)
  4 ghouls
  5 draconian annihilators
  Aizul (Orc:2)
  3 draconian shifters
  4 cacodemons
  6 reapers
  2 deep elf elementalists (Elf:3)
  8 war gargoyles
  8 ophanim
  19 stone giants
  A blood saint (Pan)
  22 ironheart preservers
  6 vampire knights
  4 apis (Pan)
  36 very ugly things
  An entropy weaver (Vaults:4)
  8 green draconians
  Azrael (Snake:1)
  2 yellow draconians (Zot:4)
  5 black draconians
  7 white draconians
  6 deep elf demonologists
  4 purple draconians
  11 spark wasps
  8 deep elf annihilators
  2 halazid warlocks (Desolation)
  4 red draconians
  5 lorocyprocas (Pan)
  An eidolon (Crypt:1)
  The ghost of Ethylacetat the Spear-Bearer, a journeyman DsGl of Okawaru (Orc:1)
  A quicksilver dragon zombie (Crypt:3)
  9 deep elf death magi
  10 blizzard demons
  8 death oozes
  A merfolk impaler (Depths:2)
  4 crystal guardians
  8 jiangshi
  11 ettins
  5 ragged hierophants (Desolation)
  5 deep elf high priests
  16 ogre magi
  3 green deaths
  8 fire dragons
  43 vault guards
  17 yaktaur captains
  19 hydras
  A monstrous demonspawn (Pan)
  8 great orbs of eyes
  9 servants of whispers (Desolation)
  15 naga warriors
  8 rakshasas
  11 ice dragons
  5 spriggan air magi
  4 peacekeepers (Desolation)
  A hell beast (Pan)
  9 anacondas
  2 shambling mangroves
  The ghost of MajorAdolf the Covert, a novice NaWn (Orc:1)
  6 death knights
  An anaconda (shapeshifter) (D:12)
  39 two-headed ogres
  9 centaur warriors
  18 dancing weapons
  The ghost of Hyperion the Grappler, a journeyman VSFi of Ru (Orc:1)
  A merfolk avatar (Lair:6)
  4 ghost crabs
  4 tengu warriors
  4 hell hogs (Hell)
  6 vampire magi
  10 thrashing horrors
  14 deep troll earth magi
  A two-headed ogre (shapeshifter) (Vaults:5)
  10 alligators
  9 deep troll shamans
  6 death yaks
  6 shock serpents
  5 orc high priests
  5 spriggan berserkers
  Urug (Lair:2)
  9 hell knights
  11 naga sharpshooters
  3 iron golems
  10 wretched stars
  25 sun demons
  27 deep elf knights
  8 soul eaters
  5 shadow wraiths
  25 skeletal warriors
  5 iron trolls
  12 sixfirhies
  3 cherubim (Pan)
  4 anaconda zombies
  A spatial maelstrom (Abyss:1)
  5 death drakes
  4 unseen horrors
  A shadow demon (Abyss:1)
  An iron giant skeleton (Crypt:2)
  6 glowing orange brains
  A spriggan druid (Swamp:4)
  2 shadow dragon zombies
  A swamp dragon (shapeshifter) (Vaults:2)
  A storm dragon skeleton (Crypt:1)
  6 lindwurms
  33 deep trolls
  A sea snake (Lair:6)
  5 flayed ghosts
  5 swamp dragons
  12 naga ritualists
  10 harpies
  16 deep elf archers
  A golden dragon zombie (Crypt:3)
  21 ironbrand convokers
  A kraken simulacrum (Hell)
  12 phantasmal warriors
  2 anaconda skeletons
  2 iron dragon zombies
  25 orc knights
  3 harpies (shapeshifter)
  86 deep elf magi
  7 necromancers
  45 ugly things
  6 wizards
  2 oklob plants
  2 wolf spiders
  A shadow dragon skeleton (Crypt:3)
  17 mana vipers
  4 manticores
  6 orc sorcerers
  8 cyclopes
  The ghost of Tarnath the Covert, a novice SpEn of Dithmenos (D:6)
  2 worldbinders
  4 shining eyes
  5 salamanders
  Maurice (Orc:2)
  19 elephants
  30 moths of wrath
  4 rust devils
  33 black mambas
  3 ice statues
  A water nymph (shapeshifter) (Depths:4)
  An elephant slug zombie (Crypt:2)
  5 guardian serpents
  4 apocalypse crabs
  16 vault sentinels
  2 eyes of devastation
  A black mamba (shapeshifter) (Abyss:3)
  Psyche (D:8)
  7 molten gargoyles
  7 fire giant skeletons
  2 dire elephant skeletons
  A dire elephant zombie (Crypt:3)
  3 centaur zombies
  32 naga magi
  9 orange demons
  9 smoke demons
  A torpor snail (Lair:6)
  5 rime drakes
  7 gargoyles
  22 spiny frogs
  3 centaur skeletons
  A komodo dragon (shapeshifter) (Vaults:4)
  A hellion (Depths:5)
  3 efreet
  A catoblepas zombie (Crypt:1)
  7 tormentors
  3 komodo dragons
  36 yaktaurs
  A yaktaur (shapeshifter) (Vaults:3)
  7 ice devils
  13 freezing wraiths
  2 hellwings
  A demonic crawler (Hell)
  11 red devils
  A grey draconian skeleton (Crypt:2)
  3 ancient zymes
  32 large abominations
  13 trolls
  3 tengu conjurers
  11 tyrant leeches
  A troll (shapeshifter) (Vaults:5)
  Prince Ribbit (D:8)
  25 polar bears
  A harpy skeleton (Abyss:1)
  A wind drake (shapeshifter) (D:14)
  A hornet (shapeshifter) (Abyss:1)
  3 raiju (shapeshifter)
  A blink frog (shapeshifter) (D:15)
  3 wind drakes
  3 hydra skeletons
  A merfolk (D:11)
  16 hornets
  43 saltlings
  7 dream sheep
  An iron dragon simulacrum (Crypt:1)
  A wolf spider simulacrum (D:15)
  126 slime creatures
  11 raiju (Abyss:1)
  A hippogriff (shapeshifter) (Vaults:3)
  21 blink frogs
  9 bog bodies
  16 hippogriffs
  10 fire dragon skeletons (Crypt:3)
  An ice dragon zombie (Crypt:1)
  2 ettin skeletons (Crypt:3)
  6 flying skulls
  An alligator skeleton (Hell)
  A spriggan (shapeshifter) (Vaults:1)
  10 air elementals (WizLab)
  13 wraiths
  8 redbacks
  8 spriggans
  4 shadows
  2 tarantellas (shapeshifter)
  3 wyverns
  15 ynoxinuls
  A redback (shapeshifter) (Abyss:1)
  10 water elementals
  5 vampires (Crypt:3)
  72 yaks
  9 humans (D:13)
  A human (shapeshifter) (Vaults:4)
  5 basilisks
  6 fire bats
  Eustachio (D:4)
  9 neqoxecs
  11 fire elementals
  2 hogs (D:14)
  5 chaos spawn
  2 steam dragons (Swamp:4)
  A golden eye (shapeshifter) (Vaults:3)
  A yaktaur simulacrum (Vaults:1)
  24 vampire mosquitoes
  6 hungry ghosts
  2 human simulacra (Vaults:2)
  2 basilisks (shapeshifter)
  4 wargs
  A hydra simulacrum (Hell)
  A harpy simulacrum (Crypt:1)
  43 nagas
  16 swamp worms
  A water moccasin (shapeshifter) (Depths:5)
  15 hell hounds
  27 small abominations
  3 soldier ants
  2 spiny frog zombies (Hell)
  3 acid dragons
  11 insubstantial wisps
  A water nymph skeleton (Crypt:1)
  A floating eye (Depths:3)
  A floating eye (shapeshifter) (Depths:4)
  A porcupine (shapeshifter) (Vaults:5)
  8 porcupines
  14 water moccasins
  14 swamp drakes
  A torturous demonspawn skeleton (Crypt:2)
  51 orc warriors
  A spiny frog skeleton (Crypt:1)
  12 ice beasts
  A black bear (shapeshifter) (Elf:1)
  3 phantoms
  7 sky beasts
  An ice dragon simulacrum (Abyss:1)
  4 black bears
  An eye of draining (shapeshifter) (Elf:1)
  A snapping turtle zombie (Crypt:3)
  26 ogres
  15 centaurs
  24 wolves
  3 boggarts (Depths:2)
  2 necrophages
  10 eyes of draining
  10 crocodiles
  An elephant skeleton (Crypt:2)
  An elf simulacrum (Vaults:1)
  17 bullfrogs
  2 gnoll sergeants
  A glowing shapeshifter simulacrum (Vaults:2)
  A cyclops zombie (Crypt:1)
  5 earth elementals
  2 wyvern zombies (D:9)
  4 scorpions
  A water moccasin skeleton (D:8)
  2 wyvern skeletons
  5 killer bees (D:10)
  10 wights
  8 howler monkeys
  A spriggan skeleton (Crypt:2)
  A troll skeleton (Crypt:1)
  4 electric eels
  A wolf skeleton (Crypt:1)
  68 starcursed masses
  11 crimson imps
  A demonspawn zombie (Crypt:1)
  A human zombie (Crypt:3)
  3 lava snakes (Volcano)
  4 quasits
  6 iron imps
  5 jellies
  22 orc wizards
  5 hounds
  26 orc priests
  2 bullfrog skeletons
  Jessica (D:2)
  12 human skeletons (Vaults:1)
  Ijyb (D:4)
  Natasha (twice) (D:4)
  8 worker ants
  11 iguanas
  6 hell rats
  A sky beast zombie (Crypt:1)
  3 hound skeletons
  2 worker ant zombies
  A howler monkey zombie (D:7)
  12 gnolls
  11 adders
  10 shadow imps
  8 white imps
  3 ufetubi
  An ooze (D:1)
  2 adder zombies
  An iguana skeleton (Crypt:2)
  3 worms
  2 dart slugs
  7 leopard geckos
  101 orcs
  A ball python (D:1)
  7 giant cockroaches
  17 goblins
  12 hobgoblins
  2 jackals (D:1)
  19 kobolds
  11 quokkas
  A ball python skeleton (D:4)
  6 bats
  8 frilled lizards
  A giant cockroach zombie (Crypt:2)
  A hobgoblin skeleton (Crypt:1)
  A jackal zombie (D:8)
  2 leopard gecko skeletons (D:4)
  2 quokka skeletons
  8 rats
  A river rat skeleton (Crypt:1)
  2 crawling corpses (Elf:3)
  A fungus (Lair:1)
  2 lurking horrors
  3 plants (Lair:1)
  6 starspawn tentacles (Abyss:1)
3236 creatures vanquished.

Vanquished Creatures (others)
  the Enchantress (Depths:5)
  4 deep elf master archers (Elf:3)
  A nagaraja (Snake:4)
  A draconian knight (Zot:3)
  4 stone giants
  A blizzard demon (WizLab)
  5 yaktaur captains
  A great orb of eyes (Depths:2)
  A spriggan air mage (WizLab)
  A ghost crab (WizLab)
  A hydra (Swamp:4)
  A centaur warrior (D:12)
  A shock serpent (WizLab)
  4 naga sharpshooters
  A deep elf knight (Elf:1)
  A shadow wraith (Vaults:4)
  7 deep elf archers
  A cherub (Pan)
  A lindwurm (shapeshifter) (Vaults:5)
  A lindwurm (Swamp:4)
  An ugly thing (D:13)
  2 deep elf magi
  18 yaktaurs
  An ancient zyme (Abyss:1)
  A human (D:14)
  A saltling (Desolation)
  2 air elementals (WizLab)
  A shadow (Swamp:2)
  2 water elementals (Depths:2)
  3 yaks
  A hog (shapeshifter) (Vaults:3)
  A vampire mosquito (Swamp:3)
  2 steam dragons (Swamp:4)
  A naga (Snake:4)
  A small abomination (Abyss:1)
  5 swamp drakes (Swamp:4)
  4 ogres
  3 wolves (IceCv)
  10 centaurs
  An iguana (D:13)
  A hell rat (Hell)
  A gnoll (D:12)
  2 orcs
  2 kobolds (Bailey)
  5 fungi
  16 plants
  13 starspawn tentacles
  8 tentacles (Hell)
148 creatures vanquished.

Grand Total: 3384 creatures vanquished

Notes
Turn   | Place    | Note
-------+----------+-------------------------------------------
     0 | D:1      | Peloso the Minotaur Fighter began the quest for the Orb.
     0 | D:1      | Reached XP level 1. HP: 19/19 MP: 0/0
    55 | D:1      | Reached XP level 2. HP: 27/27 MP: 1/1
   328 | D:1      | Reached XP level 3. HP: 32/33 MP: 2/2
   832 | D:2      | Reached XP level 4. HP: 40/40 MP: 3/3
  1128 | D:2      | Noticed Jessica
  1132 | D:2      | Killed Jessica
  1132 | D:2      | Reached skill level 1 in Dodging
  1478 | D:3      | Reached XP level 5. HP: 40/46 MP: 4/4
  2250 | D:3      | Reached skill level 5 in Shields
  2467 | D:3      | Reached XP level 6. HP: 44/53 MP: 5/5
  2490 | D:3      | Reached skill level 5 in Long Blades
  2709 | D:4      | Found an opulent altar of Gozag.
  2854 | D:4      | Noticed Ijyb
  2872 | D:4      | Paralysed by Ijyb for 3 turns
  2891 | D:4      | Killed Ijyb
  3003 | D:4      | Reached skill level 5 in Armour
  3095 | D:4      | Reached XP level 7. HP: 32/60 MP: 6/6
  3096 | D:4      | Noticed Eustachio
  3156 | D:4      | Killed Eustachio
  3156 | D:4      | Reached skill level 5 in Fighting
  3778 | D:4      | Noticed Natasha
  3787 | D:4      | Killed Natasha
  4132 | D:5      | Entered Level 5 of the Dungeon
  4158 | D:5      | Reached XP level 8. HP: 64/69 MP: 7/7
  4983 | D:4      | Noticed Natasha
  4986 | D:4      | Killed Natasha
  5228 | D:6      | Reached XP level 9. HP: 52/75 MP: 2/8
  5255 | D:6      | Found a staircase to the Ecumenical Temple.
  5264 | Temple   | Entered the Ecumenical Temple
  5280 | Temple   | Became a worshipper of Warmaster Okawaru
  5626 | D:6      | Found a runed translucent door.
  5629 | D:6      | Noticed Tarnath's ghost (novice SpEn)
  6105 | D:7      | Reached * piety under Okawaru
  6377 | D:7      | Found the brooch of Shielding {Reflect SH+8}
  6394 | D:7      | Got a scorched war axe
  6395 | D:7      | Identified the +1 war axe "Goblin's Foe" {holy, *Corrode
                  | Int+4 Dex+5} (You found it on level 7 of the Dungeon)
  6725 | D:7      | Reached skill level 10 in Long Blades
  6994 | D:8      | Noticed Prince Ribbit
  7001 | D:8      | Reached ** piety under Okawaru
  7006 | D:8      | Reached skill level 10 in Shields
  7006 | D:8      | Reached XP level 10. HP: 86/86 MP: 3/9
  7020 | D:8      | Killed Prince Ribbit
  7363 | D:8      | Got a scorched falchion
  7364 | D:8      | Identified the +9 falchion of the Magi {pain, rC++ Dex-2
                  | SInv} (You found it on level 8 of the Dungeon)
  7543 | D:8      | Noticed Psyche
  7552 | D:8      | Killed Psyche
  7613 | D:8      | Noticed an unseen horror
  7629 | D:8      | Killed an unseen horror
  7629 | D:8      | Reached *** piety under Okawaru
  8236 | D:9      | Reached **** piety under Okawaru
  8469 | D:9      | Got a fine falchion
  8470 | D:9      | Identified the +9 falchion of the Pillar {slice, MR+ Str+3}
                  | (You found it on level 9 of the Dungeon)
  8693 | D:10     | Entered Level 10 of the Dungeon
  8801 | D:10     | Reached XP level 11. HP: 95/95 MP: 10/10
  8815 | D:10     | Found a flagged portal.
  8822 | Bailey   | Entered a bailey
  8879 | Bailey   | Found a bloodstained altar of Trog.
  9238 | D:10     | Found a runed translucent gate.
  9238 | D:10     | Found a runed translucent gate.
  9240 | D:10     | Noticed Xerberus86's ghost (novice DsGl)
  9241 | D:10     | Found a runed translucent gate.
 10322 | D:6      | Killed Tarnath's ghost
 10423 | D:11     | Reached ***** piety under Okawaru
 10432 | D:11     | Noticed an oklob plant
 10435 | D:11     | Found a staircase to the Lair.
 10547 | D:11     | Killed an oklob plant
 10547 | D:11     | Reached skill level 1 in Stealth
 10686 | D:11     | Noticed a centaur warrior
 10687 | D:11     | Received a gift from Okawaru
 10694 | D:11     | Killed a centaur warrior
 10702 | D:11     | Got a fine hat {god gift}
 10708 | D:11     | Identified the +0 hat of Context {rElec rN+ MR+ Stlth+}
                  | (Okawaru gifted it to you on level 11 of the Dungeon)
 11118 | D:12     | Noticed a deep elf mage
 11118 | D:12     | Noticed a six-headed hydra
 11161 | Lair:1   | Entered Level 1 of the Lair of Beasts
 11396 | Lair:1   | You fall through a shaft!
 11396 | Lair:2   | Noticed an eight-headed hydra
 11402 | Lair:2   | HP: 3/97 [five-headed hydra (5)]
 11402 | Lair:2   | HP: 1/97 [five-headed hydra (2)]
 11411 | Lair:2   | Found a frozen archway.
 11426 | IceCv    | Entered an ice cave
 12000 | IceCv    | Reached XP level 12. HP: 57/104 MP: 11/11
 12071 | IceCv    | Reached skill level 10 in Armour
 12278 | IceCv    | Reached skill level 15 in Shields
 12325 | IceCv    | Received a gift from Okawaru
 12337 | IceCv    | Got a fine demon blade {god gift}
 12338 | IceCv    | Identified the +1 demon blade of Fate {venom, Fragile rElec
                  | rF+ Dex+4} (Okawaru gifted it to you in an ice cave)
 12883 | IceCv    | Noticed a death yak
 12883 | IceCv    | Noticed a frost giant
 12903 | IceCv    | Killed a death yak
 12926 | IceCv    | Killed a frost giant
 13178 | Lair:2   | Killed a one-headed hydra
 13191 | Lair:2   | Reached skill level 1 in Invocations
 13426 | Lair:1   | Received a gift from Okawaru
 13426 | Lair:1   | Reached XP level 13. HP: 92/113 MP: 11/13
 13512 | Lair:1   | Reached skill level 10 in Fighting
 14326 | Lair:2   | Noticed Urug
 14341 | Lair:2   | Killed Urug
 14367 | Lair:2   | Found a staircase to the Swamp.
 14995 | Lair:3   | Reached skill level 1 in Evocations
 15240 | Lair:3   | Reached skill level 1 in Axes
 15318 | Lair:3   | Found a staircase to the Snake Pit.
 15864 | Lair:4   | Reached ****** piety under Okawaru
 15899 | Lair:4   | Found a dark tunnel.
 15906 | Volcano  | Entered a volcano
 16215 | Volcano  | Found a radiant altar of Vehumet.
 16228 | Volcano  | Received a gift from Okawaru
 16230 | Volcano  | Noticed a stone giant
 16251 | Volcano  | Killed a stone giant
 16935 | Lair:4   | Received a gift from Okawaru
 17697 | Lair:5   | Found a staircase to the Slime Pits.
 17728 | Lair:5   | Reached XP level 14. HP: 103/124 MP: 14/14
 18566 | Lair:6   | Entered Level 6 of the Lair of Beasts
 18969 | Lair:6   | Received a gift from Okawaru
 18974 | Lair:6   | Reached skill level 15 in Long Blades
 19114 | Lair:6   | Got a wavering ivory ring
 19116 | Lair:6   | Identified the cursed ring "Razeism" {*Drain rPois EV-3
                  | Str-4 Dex+7} (You found it on level 6 of the Lair of
                  | Beasts)
 19182 | Lair:6   | Got a pair of faintly humming boots
 19188 | Lair:6   | Identified the +2 pair of boots "Ybublyac" {rN+} (You found
                  | it on level 6 of the Lair of Beasts)
 19692 | Lair:6   | Received a gift from Okawaru
 21087 | D:12     | Reached XP level 15. HP: 111/133 MP: 15/15
 21091 | D:12     | Identified the Almanac of Sand
 21098 | D:12     | Identified Sigruog's Papyrus of Dhcmrlchtdj
 21293 | D:12     | Identified Ts'ui Pên's Catalogue of Forking Paths
 21404 | D:12     | Found a staircase to the Orcish Mines.
 22063 | D:13     | Found an iron altar of Okawaru.
 22304 | D:13     | Found Exig's Antique Weapon Shoppe.
 22499 | D:13     | Received a gift from Okawaru
 22591 | D:13     | Found a gate to the Vaults.
 22949 | Orc:1    | Entered Level 1 of the Orcish Mines
 23078 | Orc:1    | Found a runed translucent gate.
 23078 | Orc:1    | Found a runed translucent gate.
 23078 | Orc:1    | Found a runed translucent gate.
 23083 | Orc:1    | Noticed MajorAdolf's ghost (novice NaWn)
 23083 | Orc:1    | Noticed Hyperion's ghost (journeyman VSFi)
 23083 | Orc:1    | Noticed Ethylacetat's ghost (journeyman DsGl)
 23231 | Orc:1    | Killed Ethylacetat's ghost
 23241 | Orc:1    | Killed MajorAdolf's ghost
 23256 | Orc:1    | Killed Hyperion's ghost
 23309 | Orc:2    | Entered Level 2 of the Orcish Mines
 23394 | Orc:2    | Noticed Rupert
 23433 | Orc:2    | Killed Rupert
 23730 | Orc:2    | Found Bipet's Food Shoppe.
 23766 | Orc:2    | Noticed Maurice
 23782 | Orc:2    | Killed Maurice
 23792 | Orc:2    | Found a staircase to the Elven Halls.
 23824 | Orc:2    | Found Feewnuji's Armour Emporium.
 23894 | Orc:2    | Found Siedaf's Magic Scroll Shop.
 23900 | Orc:2    | Reached skill level 5 in Dodging
 24654 | Orc:2    | Found Xiuj's Food Shop.
 24655 | Orc:2    | Found Opnohof's Food Emporium.
 24666 | Orc:2    | Bought a scroll of holy word for 112 gold pieces
 24666 | Orc:2    | Bought a scroll of identify for 30 gold pieces
 24666 | Orc:2    | Bought a scroll of identify for 30 gold pieces
 24666 | Orc:2    | Bought a scroll of identify for 30 gold pieces
 24861 | Orc:1    | Found a roughly hewn altar of Beogh.
 25110 | D:14     | Found a flickering gateway to a bazaar.
 25126 | D:14     | Received a gift from Okawaru
 25174 | Bazaar   | Entered a bazaar
 25177 | Bazaar   | Found Rebu Qim's Food Shoppe.
 25181 | Bazaar   | Found Puxzeul's Book Shop.
 25187 | Bazaar   | Found Seuqul's Antique Armour Shoppe.
 25223 | Bazaar   | Found Ocivet's Antique Armour Shoppe.
 25231 | Bazaar   | Bought a pair of glowing boots for 187 gold pieces
 25313 | Bazaar   | Bought the +10 large shield of Ignorance {rN+ Int-4} for
                  | 1432 gold pieces
 25313 | Bazaar   | Found the +10 large shield of Ignorance {rN+ Int-4}
 25688 | D:14     | Reached XP level 16. HP: 134/144 MP: 16/16
 25733 | D:14     | Found Keproaty's Distillery.
 25740 | D:14     | Bought a potion of cancellation for 120 gold pieces
 25740 | D:14     | Bought a potion of might for 60 gold pieces
 25795 | D:14     | Received a gift from Okawaru
 25802 | D:14     | Noticed Kirke
 25814 | D:14     | Killed Kirke
 25821 | D:14     | Got an ichor-stained long sword {god gift}
 25822 | D:14     | Identified the +6 long sword of Death's Door {drain,
                  | *Contam rF+++ SInv} (Okawaru gifted it to you on level 14
                  | of the Dungeon)
 26005 | D:14     | Noticed Louise
 26034 | D:14     | Killed Louise
 26115 | D:15     | Entered Level 15 of the Dungeon
 26270 | D:15     | Received a gift from Okawaru
 26443 | D:15     | Found a staircase to the Depths.
 27027 | D:15     | Got a crude double sword {god gift}
 27028 | D:15     | Identified the +5 double sword of Huatein {slice, Str-5
                  | Dex+4 Stlth+} (Okawaru gifted it to you on level 15 of the
                  | Dungeon)
 27792 | Elf:1    | Entered Level 1 of the Elven Halls
 27793 | Elf:1    | Noticed Aizul
 27820 | Orc:2    | Killed Aizul
 28798 | Elf:1    | Received a gift from Okawaru
 29717 | Elf:1    | Identified the Incunabulum of Conjuration
 29805 | Elf:1    | Noticed Roxanne
 30041 | Elf:1    | Got a pair of dazzling gloves
 30052 | Elf:1    | Identified the cursed -5 pair of gloves "Herojeor" {Int+2}
                  | (You found it on level 1 of the Elven Halls)
 30099 | Elf:1    | Reached XP level 17. HP: 147/152 MP: 17/17
 30222 | Elf:1    | Killed Roxanne
 30400 | Elf:2    | Received a gift from Okawaru
 30431 | Elf:2    | Found a runed translucent gate.
 30452 | Elf:2    | Found a runed translucent gate.
 30453 | Elf:2    | Found a runed translucent gate.
 30690 | Elf:2    | Found a ruined gateway.
 30694 | Desolati | Entered the Desolation of Salt
 31136 | Desolati | Reached skill level 15 in Armour
 31257 | Desolati | Received a gift from Okawaru
 31363 | Desolati | Identified the Incunabulum of Mutagenic Curses
 32613 | Desolati | Got a slimy steel ring
 32616 | Desolati | Got a faintly glowing flail
 32622 | Desolati | Got a distressingly furry buckler
 32689 | Desolati | Received a gift from Okawaru
 32692 | Desolati | Got a shimmering chain mail {god gift}
 33068 | Desolati | Found the +8 lance "Wyrmbane" {slay drac, rPois rF+ rC+
                  | AC+3}
 33068 | Desolati | Found the +6 Majin-Bo {vamp, Archmagi MP+6 Int+6}
 33076 | Desolati | Got an encrusted battleaxe
 33084 | Desolati | Identified Sif Muna's Guide on Destructive Venom
 33571 | Desolati | Identified the +9 chain mail of Liheatuf {Str+2 Int+2}
                  | (Okawaru gifted it to you in the Desolation of Salt)
 33601 | Desolati | Identified the +0 buckler of the Evil One {rC+} (You found
                  | it in the Desolation of Salt)
 34035 | Lair:1   | Reached XP level 18. HP: 161/161 MP: 18/18
 34116 | Lair:1   | Identified the cursed +1 flail "Thing" {drain, Dex+4} (You
                  | found it in the Desolation of Salt)
 34120 | Lair:1   | Identified the ring "Gutohobah" {rC- MR+ Str+5} (You found
                  | it in the Desolation of Salt)
 34121 | Lair:1   | Identified the +4 battleaxe "Lazigoeg" {protect, rElec rC+}
                  | (You found it in the Desolation of Salt)
 35813 | Swamp:1  | Entered Level 1 of the Swamp
 36110 | Swamp:1  | Reached skill level 1 in Polearms
 36810 | Swamp:2  | Received a gift from Okawaru
 37194 | Swamp:2  | Got a shimmering dagger
 37405 | Swamp:3  | Reached skill level 15 in Fighting
 37662 | Swamp:3  | Identified the +0 dagger of Eternal Vigilance {pierce,
                  | Str+4 Int+2} (You found it on level 2 of the Swamp)
 37816 | Swamp:3  | Noticed Bai Suzhen
 37840 | Swamp:3  | Killed Bai Suzhen
 38922 | Swamp:4  | Entered Level 4 of the Swamp
 39471 | Snake:1  | Entered Level 1 of the Snake Pit
 39558 | Snake:1  | Noticed Donald
 39574 | Snake:1  | Noticed Azrael
 39583 | Snake:1  | Killed Donald
 39590 | Snake:1  | Noticed Agnes
 39601 | Snake:1  | Cast into level 3 of the Abyss (Agnes)
 39718 | Abyss:3  | Received a gift from Okawaru
 39898 | Abyss:3  | Paralysed by accursed screaming for 1 turns
 40000 | Snake:1  | Escaped the Abyss
 40018 | Snake:1  | Killed Agnes
 40027 | Snake:1  | Killed Azrael
 40714 | Snake:1  | Found a large runed translucent door.
 40714 | Snake:1  | Found a large runed translucent door.
 40719 | Snake:1  | Noticed Vibac's ghost (adept CeHu)
 40725 | Snake:1  | Identified a scroll of acquirement
 40765 | Snake:1  | Killed Vibac's ghost
 40772 | Snake:1  | Got a pair of warped boots
 40775 | Snake:1  | Identified the +0 pair of boots "Ucyrute" {-Cast +Blink
                  | rC+++ Str+2} (You found it on level 1 of the Snake Pit)
 40891 | Snake:2  | Reached XP level 19. HP: 170/170 MP: 19/19
 41213 | Snake:2  | Found a runed translucent door.
 41217 | Snake:2  | Noticed Morbidden's ghost (adept DsFi)
 41530 | Snake:2  | Killed Morbidden's ghost
 41860 | Snake:3  | Received a gift from Okawaru
 42570 | Snake:4  | Entered Level 4 of the Snake Pit
 43223 | Snake:4  | Identified the +6 flail "Loopy" {crush, rF+ rN+ Str+3}
 43508 | Snake:4  | Reached skill level 27 in Shields
 43524 | Snake:4  | HP: 8/172 [nagaraja/orb of energy (14)]
 44141 | Snake:4  | Identified the cursed +1 glaive of Tuhafang {drain, rElec
                  | Str+6 Dex-2 SInv}
 45013 | Snake:3  | Received a gift from Okawaru
 45502 | Snake:4  | Got a serpentine rune of Zot
 46121 | Swamp:4  | Reached XP level 20. HP: 179/182 MP: 21/21
 46565 | Swamp:4  | Received a gift from Okawaru
 46879 | Swamp:4  | Got a decaying rune of Zot
 47386 | Elf:3    | Entered Level 3 of the Elven Halls
 47472 | Elf:3    | Found the +10 dark maul {crush}
 47473 | Elf:3    | Identified the +10 mace "Pejuchorph" {drain, -Tele rPois
                  | Int+4 Dex+3}
 47475 | Elf:3    | Identified the Almanac of Execration
 47483 | Elf:3    | Got a fine granite ring
 47486 | Elf:3    | Got a coiled pewter ring
 47713 | Elf:3    | Identified the ring "Nauget" {*Tele Dex+4} (You found it on
                  | level 3 of the Elven Halls)
 47715 | Elf:3    | Identified the ring of Trog's Castigation {rCorr *Slow +Inv
                  | rElec Dex+2} (You found it on level 3 of the Elven Halls)
 48377 | Elf:3    | Identified the amulet of Rierr {RegenMP Dex+6}
 48621 | Elf:3    | Identified the amulet "Pyraxocs" {MR+ Regen+}
 48839 | Elf:3    | Identified Keumooc's Collected Works on Orientation and
                  | Talismans
 49449 | Vaults:1 | Entered Level 1 of the Vaults
 49515 | Vaults:1 | Received a gift from Okawaru
 50531 | Vaults:1 | Reached XP level 21. HP: 185/194 MP: 22/22
 51337 | Vaults:1 | Found Wochex's Antique Armour Boutique.
 51348 | Vaults:1 | Bought a pair of runed gloves for 322 gold pieces
 51365 | Vaults:1 | Bought a bloodstained plate armour for 1204 gold pieces
 51377 | Vaults:1 | Identified the +1 plate armour of Reodugut {Str-2 Int+7}
                  | (You bought it in a shop on level 1 of the Vaults)
 51505 | Vaults:1 | Found a roughly hewn altar of Beogh.
 51680 | Vaults:1 | Received a gift from Okawaru
 53001 | Vaults:2 | Reached skill level 10 in Dodging
 53630 | Vaults:2 | Found a staircase to the Crypt.
 53764 | Vaults:2 | Received a gift from Okawaru
 54048 | Vaults:2 | Got a transparent scale mail
 54251 | Vaults:2 | Found the +2 ratskin cloak {+Rats rPois rN+ Str-1 Int-1
                  | Dex+1}
 54707 | Vaults:3 | Reached XP level 22. HP: 187/209 MP: 23/23
 54888 | Vaults:3 | Received a gift from Okawaru
 55482 | Vaults:3 | Identified the +3 broad axe of Welfare {elec, rC+}
 56020 | Vaults:3 | Identified the +0 scale mail "Onir" {Dex+2} (You found it
                  | on level 2 of the Vaults)
 57836 | Vaults:4 | Received a gift from Okawaru
 58079 | Vaults:4 | Noticed Boris
 58095 | Vaults:4 | Killed Boris
 58896 | Vaults:4 | Reached XP level 23. HP: 221/221 MP: 24/24
 59003 | Vaults:5 | Entered Level 5 of the Vaults
 59300 | Vaults:5 | Received a gift from Okawaru
 59782 | Vaults:5 | Got a crystal great sword
 59789 | Vaults:5 | Identified the cursed +1 great sword of the Many Moons
                  | {elec, rPois} (You found it on level 5 of the Vaults)
 59817 | Vaults:5 | Found the +7 mace of Variability {chain chaos}
 60077 | Vaults:5 | Noticed Boris
 60094 | Vaults:5 | Killed Boris
 60094 | Vaults:5 | Received a gift from Okawaru
 60095 | Vaults:5 | Found the -2 hat of the Alchemist {rElec rPois rF+ rC+ rN+
                  | MR+ rMut rCorr}
 61269 | Vaults:5 | Got a silver rune of Zot
 61275 | Vaults:5 | Identified the Collected Works on Enchanting Translocation
 61303 | Vaults:5 | Identified the +1 demon whip of Haudwih {freeze, *Contam
                  | rElec Int+2}
 61579 | Vaults:5 | Identified the ring "Weh Oshri" {*Drain rPois MR+ Str+3
                  | Stlth+}
 61634 | Vaults:5 | Got a pair of ancient boots
 61635 | Vaults:5 | Identified the +1 pair of boots of Xytuwyap {Int+4 Dex+4
                  | Stlth-} (You found it on level 5 of the Vaults)
 62565 | Vaults:5 | Got a scintillating ruby amulet
 62679 | Vaults:5 | Identified the amulet of Naetouso {Gourm MR+}
 62717 | Vaults:5 | Reached XP level 24. HP: 181/234 MP: 24/24
 63191 | Vaults:5 | Identified the +8 shortbow of the Middle {velocity, +Inv}
 63191 | Vaults:5 | Identified the ring "Tempy" {+Fly rElec rC- EV+2 Slay+5}
 63675 | Depths:1 | Entered Level 1 of the Depths
 63675 | Depths:1 | Found a gateway to a ziggurat.
 63722 | Depths:1 | Received a gift from Okawaru
 63725 | Depths:1 | Got a pair of heavily runed boots {god gift}
 65341 | Depths:1 | Found a one-way gate to the infinite horrors of the Abyss.
 65651 | Depths:1 | Found a gateway to Hell.
 66760 | Depths:2 | Noticed Boris
 66766 | Depths:2 | Noticed a juggernaut
 66775 | Depths:2 | Killed Boris
 66806 | Depths:2 | Killed a juggernaut
 66806 | Depths:2 | Received a gift from Okawaru
 67011 | Depths:2 | Noticed Sojobo
 67038 | Depths:2 | Killed Sojobo
 67886 | Depths:2 | Found Zorghocw's Gadget Emporium.
 67886 | Depths:2 | Found Tuoraud's Jewellery Boutique.
 67887 | Depths:2 | Found Qisuz's Jewellery Boutique.
 68616 | Depths:2 | Noticed a juggernaut
 68616 | Depths:2 | Cast into level 3 of the Abyss (a lich)
 68985 | Abyss:3  | Reached XP level 25. HP: 178/245 MP: 24/24
 68989 | Depths:2 | Escaped the Abyss
 69016 | Depths:2 | Killed a juggernaut
 69786 | Lair:1   | Identified the -1 pair of boots of Limitation {rElec}
                  | (Okawaru gifted it to you on level 1 of the Depths)
 69814 | Lair:1   | Identified the amulet "Amuizuin" {Reflect +Inv MR++ Str+5
                  | SH+2} (You found it on level 5 of the Vaults)
 70250 | Crypt:1  | Entered Level 1 of the Crypt
 70496 | Crypt:1  | Noticed Boris
 70533 | Crypt:1  | Killed Boris
 71117 | Crypt:1  | Found a runed translucent door.
 71118 | Crypt:1  | Found a shimmering altar of Xom.
 71118 | Crypt:1  | Noticed Ulecsuczon's ghost (veteran MiGl)
 71232 | Crypt:1  | Killed Ulecsuczon's ghost
 71548 | Crypt:1  | Noticed Frederick
 71559 | Crypt:1  | Killed Frederick
 71944 | Crypt:2  | Noticed Boris
 71967 | Crypt:2  | Killed Boris
 71967 | Crypt:2  | Received a gift from Okawaru
 73077 | Crypt:3  | Entered Level 3 of the Crypt
 73478 | Crypt:3  | Noticed Boris
 73824 | Crypt:3  | Found an ancient bone altar of Kikubaaqudgha.
 73835 | Crypt:3  | Received a gift from Okawaru
 73905 | Crypt:3  | Found the +5 scythe "Finisher" {speed, eviscerate}
 73937 | Crypt:3  | Noticed an ancient lich
 73960 | Crypt:3  | Killed an ancient lich
 74115 | Crypt:3  | Noticed an ancient lich
 74133 | Crypt:3  | Killed an ancient lich
 74133 | Crypt:3  | Reached skill level 15 in Dodging
 74137 | Crypt:3  | Identified the Papyrus of Good Luck
 74447 | Crypt:3  | Identified Nuebrule's Catalogue of Destructive Stolen Souls
 74531 | Crypt:3  | Found a staircase to the Tomb.
 74647 | Crypt:3  | Killed Boris
 76473 | Depths:3 | Found Zuigal's Book Boutique.
 76484 | Depths:3 | Paralysed by a floating eye for 3 turns
 76493 | Depths:3 | Paralysed by a floating eye for 3 turns
 76798 | Depths:3 | Reached XP level 26. HP: 242/259 MP: 24/24
 77161 | Depths:3 | Received a gift from Okawaru
 77447 | Depths:3 | Got a scorched long sword {god gift}
 77448 | Depths:3 | Identified the +10 long sword of Okawaru's Castigation
                  | {slice, rPois MR+ Int+3} (Okawaru gifted it to you on level
                  | 3 of the Depths)
 77556 | Depths:3 | Got a pitted hand crossbow
 77872 | Depths:3 | Found a one-way gate leading to the halls of Pandemonium.
 77912 | Depths:3 | Identified the cursed +0 hand crossbow "Kudaibb" {venom,
                  | Dex+2} (You found it on level 3 of the Depths)
 78157 | Depths:4 | Noticed Margery
 78177 | Depths:4 | Killed Margery
 78179 | Depths:4 | Noticed Xtahua
 78199 | Depths:4 | Killed Xtahua
 78413 | Depths:4 | Received a gift from Okawaru
 78466 | Depths:4 | Got a smoking war axe {god gift}
 78991 | Depths:4 | You are sucked into a shaft!
 78991 | Depths:5 | Entered Level 5 of the Depths
 78997 | Depths:5 | Identified the +0 faerie dragon scales {rPois Regen+ rCorr
                  | Dex-3 SInv}
 78997 | Depths:5 | Noticed the Enchantress
 79024 | Depths:5 | Noticed Boris
 79025 | Depths:5 | Found Kyskioff's Book Shoppe.
 79034 | Depths:5 | Found Ickery's Food Shoppe.
 79063 | Depths:5 | Found a magical portal.
 79082 | WizLab   | Entered The Chambers of the Cloud Mage
 80457 | WizLab   | Identified the +5 war axe of the Magi {chop, *Noise +Rage
                  | MP+9 Dex-3} (Okawaru gifted it to you on level 4 of the
                  | Depths)
 80572 | WizLab   | Received a gift from Okawaru
 80933 | WizLab   | Identified the Handbook of Lightness
 81059 | Depths:5 | Killed the Enchantress
 81112 | Depths:5 | Reached skill level 5 in Invocations
 81202 | Depths:5 | Killed Boris
 81988 | Depths:4 | Received a gift from Okawaru
 82011 | Depths:4 | Identified a +1 pair of boots of running (Okawaru gifted it
                  | to you on level 4 of the Depths)
 82500 | Depths:5 | Reached XP level 27. HP: 175/266 MP: 26/26
 82530 | Depths:5 | Found a gate to the Realm of Zot.
 83404 | Slime:1  | Entered Level 1 of the Pits of Slime
 83970 | Slime:3  | Reached skill level 27 in Fighting
 84132 | Slime:5  | Entered Level 5 of the Pits of Slime
 84234 | Slime:5  | Noticed the Royal Jelly
 84269 | Slime:3  | Reached skill level 27 in Long Blades
 84765 | Slime:5  | Received a gift from Okawaru
 84845 | Slime:5  | Reached skill level 5 in Stealth
 85370 | Slime:5  | Killed the Royal Jelly
 86204 | Slime:5  | Got a slimy rune of Zot
 86394 | Slime:5  | Got a bloodstained long sword
 86402 | Slime:5  | Identified the +7 long sword of Cocytus {venom, rPois rC+++
                  | Str-4} (You found it on level 5 of the Pits of Slime)
 86428 | Slime:5  | Got a transparent dagger
 86681 | Lair:1   | Identified the +5 dagger of Junnucewk {drain, *Noise rPois
                  | Str+4 SInv} (You found it on level 5 of the Pits of Slime)
 87104 | Hell     | Entered the Vestibule of Hell
 87104 | Hell     | Noticed Geryon
 87485 | Depths:1 | Received a gift from Okawaru
 88448 | Hell     | Killed Geryon
 88678 | Zot:1    | Entered Level 1 of the Realm of Zot
 88681 | Zot:1    | Got a fine chain mail
 88685 | Zot:1    | Identified the cursed +0 chain mail of the Swamp {rF+ rCorr
                  | Int-3} (You found it on level 1 of the Realm of Zot)
 90017 | Zot:2    | Received a gift from Okawaru
 93819 | Zot:4    | Received a gift from Okawaru
 95275 | Zot:4    | Got an ancient large shield {god gift}
 96125 | Depths:5 | Identified the +1 large shield of Fun and Games {rPois rF+
                  | rC+} (Okawaru gifted it to you on level 4 of the Realm of
                  | Zot)
 96790 | Hell     | Found a gateway to the freezing wastes of Cocytus.
 97028 | Hell     | Found a gateway to the decaying netherworld of Tartarus.
 97222 | Hell     | Found a gateway to the ashen valley of Gehenna.
 97324 | Hell     | Found a gateway to the Iron City of Dis.
 97906 | Vaults:1 | You fall through a shaft!
 98398 | Vaults:4 | You fall through a shaft!
 98436 | Vaults:5 | Got a smoking dagger
 99493 | Depths:4 | Voluntarily entered the Abyss.
 99585 | Abyss:1  | Received a gift from Okawaru
 99719 | Depths:4 | Escaped the Abyss
 99882 | Depths:4 | Voluntarily entered the Abyss.
 99917 | Abyss:1  | Found a corrupted altar of Lugonu.
 99944 | Abyss:1  | Noticed an ancient lich
 99955 | Abyss:1  | Killed an ancient lich
100282 | Abyss:1  | Gained mutation: Your mind is acute. (Int +2) [a neqoxec]
100875 | Abyss:1  | Paralysed by accursed screaming for 1 turns
101917 | Abyss:1  | Paralysed by accursed screaming for 1 turns
102049 | Abyss:1  | Gained mutation: Your magical capacity is low. (-10% MP) [a
                  | cacodemon]
102164 | Abyss:1  | Received a gift from Okawaru
102328 | Depths:4 | Escaped the Abyss
102584 | Pan      | Entered Pandemonium
102897 | Pan      | Found an exit through the horrors of the Abyss.
102951 | Pan      | Gained mutation: You tend to lose your temper in combat. [a
                  | cacodemon]
103185 | Pan      | Gained mutation: You are frail. (-10% HP) [a neqoxec]
103331 | Pan      | Found a runed translucent door.
103813 | Pan      | HP: 15/364 [??? (7)]
103824 | Pan      | HP: 11/245 [??? (5)]
104787 | Pan      | Noticed Atrabut the pandemonium lord
104819 | Pan      | Killed Atrabut the pandemonium lord
105699 | Pan      | Found a glowing silver altar of Zin.
106384 | Pan      | Noticed a seraph
106409 | Pan      | Killed a seraph
106409 | Pan      | Received a gift from Okawaru
106426 | Pan      | Identified the ring of Busydghytsy {rCorr rF- MR- Int+2
                  | Dex+6}
106438 | Pan      | Identified the +5 plate armour of the Wilderness {rF+ rN++
                  | Int-2}
106438 | Pan      | Identified the amulet of Democracy {Harm *Drain rF+ rN+
                  | Stlth+}
106475 | Pan      | Killed from afar by a pearl dragon

Skill      XL: |  1  2  3  4  5  6  7  8  9 10 11 12 13 14 15 16 17 18 19 20 21 22 23 24 25 26 27 |
---------------+----------------------------------------------------------------------------------+-----
Fighting       | 4 5 6 7 8 9 11 12 13 14 15 16 18 19 21 22 24 25 26 27 | 27.0
Armour         | 4 5 7 8 9 11 12 13 14 15 16 17 18 19 20 21 26 | 26.8
Shields        | 4 5 7 8 10 12 14 16 17 19 21 22 24 26 27 | 27.0
Long Blades    | 3 4 5 6 8 10 11 12 13 14 15 16 17 19 20 21 23 24 25 26 27 | 27.0
Dodging        | 1 2 3 4 5 7 8 9 10 12 13 14 15 16 24 | 24.6
Stealth        | 1 2 3 4 5 |  5.6
Invocations    | 1 2 3 5 7 |  7.9
Evocations     | 1 2 |  2.2
Axes           | 1 |  1.6
Polearms       | 3 |  3.2

Action                   |  1- 3 |  4- 6 |  7- 9 | 10-12 | 13-15 | 16-18 | 19-21 | 22-24 | 25-27 || total
-------------------------+-------+-------+-------+-------+-------+-------+-------+-------+-------++-------
Melee: Long sword        |    79 |   167 |    82 |       |       |       |       |       |  3678 ||  4006
       Headbutt          |    14 |    22 |   111 |   185 |   539 |   706 |   767 |  1012 |  2085 ||  5441
       Falchion          |       |       |   330 |   753 |  1604 |  1833 |  2029 |  2416 |  1312 || 10277
       Hand axe          |       |       |       |    11 |    13 |       |       |       |       ||    24
       Scimitar          |       |       |       |       |    32 |    78 |   281 |       |       ||   391
       Lance             |       |       |       |       |       |   209 |       |       |       ||   209
Invok: Heroism           |       |       |       |     2 |     2 |    12 |     2 |     6 |    25 ||    49
       Finesse           |       |       |       |     1 |       |       |     1 |       |     9 ||    11
Evoke: Wand              |       |       |     1 |       |     9 |     5 |       |     2 |     9 ||    26
  Use: Scroll            |       |       |     9 |     5 |    17 |    11 |     6 |    10 |    21 ||    79
       Potion            |       |       |       |     5 |     1 |     8 |     2 |     1 |    18 ||    35
 Stab: Distracted        |       |       |       |       |     1 |       |       |       |     3 ||     4
       Sleeping          |       |       |       |       |       |     3 |     2 |       |       ||     5
       Confused          |       |       |       |       |       |       |     5 |       |     2 ||     7
  Eat: Chunk             |       |     4 |    13 |    18 |    36 |   129 |   128 |   180 |    36 ||   544
       Ration            |       |     1 |       |     1 |     1 |     5 |     5 |       |    23 ||    36
Armor: Scale mail        |    41 |    74 |    49 |       |       |       |       |       |       ||   164
       Plate armour      |       |       |    66 |   228 |   347 |   164 |   150 |       |       ||   955
       Acid dragon scale |       |       |       |     1 |       |       |       |       |       ||     1
       Chain mail        |       |       |       |       |       |    86 |   159 |   339 |   968 ||  1552
       Swamp dragon scal |       |       |       |       |       |    62 |    11 |       |       ||    73
Dodge: Dodged            |    35 |    76 |    99 |   129 |   217 |   260 |   347 |   448 |  1761 ||  3372
Block: Shield            |    60 |   106 |   271 |   769 |  1470 |       |       |       |       ||  2676
       Reflection        |       |       |     1 |    59 |    44 |   155 |   355 |   177 |   183 ||   974
       Large shield      |       |       |       |       |   107 |  2980 |  3500 |  3429 |  7972 || 17988
       Rpst.: Long sword |    10 |    18 |    11 |       |       |       |       |       |   176 ||   215
       Falchion          |       |       |    15 |    27 |    38 |    31 |    46 |    63 |    24 ||   244
       Scimitar          |       |       |       |       |       |     3 |     5 |       |       ||     8
